 Dungeon Crawl Stone Soup version 0.31-a0-217-g58bb5d7 (webtiles) character file.

Game seed: 8009675984089237370

1007 Kahili the Trooper (level 8, 0/65 HPs)
             Began as a Djinni Hedge Wizard on July 2, 2023.
             Slain by a centaur (5 damage)
             ... on level 5 of the Dungeon.
             The game lasted 00:11:48 (5114 turns).

Kahili the Trooper (Djinni Hedge Wizard)            Turns: 5114, Time: 00:11:48

Health: 0/65       AC:  2    Str:  9    XL:     8   Next: 44%
Gold:   231        EV: 12    Int: 18    God:
                   SH:  0    Dex: 13

rFire   + + +        q - +4 whip
rCold   x x .        (no shield)
rNeg    . . .        b - +0 robe
rPois   ∞            c - +0 hat
rElec   .            (no cloak)
rCorr   .            (no gloves)
SInv    .            (boots unavailable)
Will    +....        (no amulet)
Stlth   ++           x - ring of fire
HPRegen 0.30/turn    (no ring)
MPRegen 0.00/turn

%: infuse magic (-1 HP)
@: enlightened, flying
A: sickness immunity, fire resistance 2, cold vulnerability 1, float, innate
caster, HP casting, extra vitality 1
a: no special abilities


You were on level 5 of the Dungeon.
You visited 1 branch of the dungeon, and saw 5 of its levels.

You collected 291 gold pieces.
You spent 60 gold pieces at shops.

Inventory:

Hand Weapons
 a - a +0 dagger
 i - a +1 whip of flaming
 q - a +4 whip (weapon)
 t - a +2 antimagic short sword
 w - a +2 dagger of speed
Missiles
 r - a throwing net
Armour
 b - a +0 robe (worn)
 c - a +0 hat (worn)
 p - a +0 hat
Jewellery
 x - a ring of fire (left hand)
Scrolls
 d - a scroll of enchant armour
 e - 3 scrolls of amnesia
 f - 2 scrolls of identify
 g - a scroll of teleportation
 h - 2 scrolls of revelation
 j - a scroll of noise
 s - a scroll of enchant weapon
Potions
 k - a potion of mutation {unknown}
 m - 2 potions of lignification
 n - a potion of might {unknown}
 o - a potion of magic {unknown}
 u - a potion of curing {unknown}


   Skills:
 * Level 7.8 Fighting
 - Level 2.1 Dodging
 - Level 1.5 Stealth
 + Level 4.5 Spellcasting
 + Level 4.5 Conjurations
 + Level 4.5 Hexes
 + Level 4.5 Summonings
 + Level 4.5 Necromancy
 + Level 4.5 Translocations
 + Level 4.5 Transmutations
 + Level 4.5 Fire Magic
 + Level 4.5 Ice Magic
 + Level 4.5 Air Magic
 + Level 4.5 Earth Magic
 + Level 4.5 Poison Magic


You knew the following spells:

 Your Spells              Type           Power      Damage    Failure   Level
a - Magic Dart            Conj           80%        1d7       2%          1
b - Slow                  Hex            80%        N/A       2%          1
c - Blink                 Tloc           40%        N/A       3%          2
d - Call Imp              Summ           40%        N/A       3%          2
e - Mephitic Cloud        Conj/Pois/Air  20%        N/A       6%          3
f - Sting                 Tmut/Pois      80%        1d7       2%          1
g - Passwall              Tmut/Erth      16%        N/A       3%          2
h - Lesser Beckoning      Tloc           40%        N/A       3%          2
Your spell library was empty.

Dungeon Overview and Level Annotations

Branches:
Dungeon (5/15)
 Temple: D:4-7

Altars:

Shops:
D:3 ?   D:4 :


Innate Abilities, Weirdness & Mutations

You are immune to sickness and miasma.
You are immune to poison.
Your flesh is very heat resistant. (rF++)
You are vulnerable to cold. (rC-)
You float through the air rather than walking.
You learn spells naturally, not from books.
Your magical power is your life essence.
You have superior vitality. (+4 MHP)


Message History

Casting: Call Imp (safe; 3% risk of failure)
Confirm with . or Enter, or press ? or * to list all spells.
Aiming: Magic Dart (safe; 2% risk of failure)
Press: ? - help, Shift-Dir - straight line, f/p - centaur
Aim: a centaur, wielding a +0 shortbow (lightly wounded, confused, ally target, 100% to hit)
The magic dart hits the centaur.
The centaur is moderately wounded.
* * * LOW HITPOINT WARNING * * *
Your cerulean imp hits the centaur with a -2 spear.
Casting: Magic Dart (safe; 2% risk of failure)
Confirm with . or Enter, or press ? or * to list all spells.
Aiming: Magic Dart (safe; 2% risk of failure)
Press: ? - help, Shift-Dir - straight line, f/p - centaur
Aim: a centaur, wielding a +0 shortbow (moderately wounded, confused, ally target, 100% to hit)
The magic dart hits the centaur.
The centaur is heavily wounded.
* * * LOW HITPOINT WARNING * * *
The centaur unwields a +0 shortbow.
The centaur hits you.
* * * LOW HITPOINT WARNING * * *
The centaur kicks you but does no damage.
The centaur hits itself.
The centaur kicks itself but does no damage.
Your cerulean imp hits the centaur but does no damage.
Casting: Magic Dart (safe; 2% risk of failure)
Confirm with . or Enter, or press ? or * to list all spells.
Aiming: Magic Dart (safe; 2% risk of failure)
Press: ? - help, Shift-Dir - straight line, f/p - centaur
Aim: a centaur (severely wounded, confused, ally target, 100% to hit)
The magic dart hits the centaur.
The centaur is severely wounded.
* * * LOW HITPOINT WARNING * * *
The centaur seems less confused.
The centaur hits you.
* * * LOW HITPOINT WARNING * * *
The centaur misses you.
Your cerulean imp barely misses the centaur.
Your magical contamination has completely faded away.
It was a potion of enlightenment.
You feel more buoyant. The centaur hits you.
You die...

#<.......#...#......
#........#...#....##
#.....)..'...#....#
###........##..######
#......#########
#...>..# #......#
#...c..# #...5@.#
###'####
#..............
#..............
#..............
+..............
#......c.......
#..............
#..............


You could see a centaur (ally target) and a friendly cerulean imp (summoned).

Vanquished Creatures
  Pikel (D:4)
  3 lemures (D:3)
  A hound (D:5)
  A jelly (D:4)
  An orc priest (D:4)
  4 orc wizards (D:4)
  4 adders
  An ufetubus (D:5)
  2 worms
  3 orcs
  6 bats
  8 endoplasms
  6 giant cockroaches
  5 goblins
  6 hobgoblins
  5 jackals
  4 kobolds
  7 quokkas
  7 ball pythons
  3 frilled lizards
  6 rats
84 creatures vanquished.

Vanquished Creatures (collateral kills)
  Menkaure (D:5)
  A lemure (D:3)
  A hound (D:4)
  Natasha (thrice) (D:3)
  2 adders
  3 orcs (D:4)
  A frilled lizard (D:3)
12 creatures vanquished.

Grand Total: 96 creatures vanquished

Notes
Turn   | Place    | Note
-------+----------+-------------------------------------------
     0 | D:1      | Kahili the Djinni Hedge Wizard began the quest for the Orb.
     0 | D:1      | Kahili set off with the following spells memorised: Magic
                  | Dart, Slow, Blink, Call Imp, Mephitic Cloud.
     0 | D:1      | Reached XP level 1. HP: 15/15 MP: 0/0
   142 | D:1      | Reached skill level 1 in Fighting
   142 | D:1      | Reached XP level 2. HP: 17/22 MP: 0/0
   442 | D:1      | Reached XP level 3. HP: 26/28 MP: 0/0
   442 | D:1      | Learned a level 1 spell: Sting
   517 | D:1      | Reached skill level 2 in Fighting
  1046 | D:2      | Reached XP level 4. HP: 26/34 MP: 0/0
  1724 | D:3      | Noticed Natasha
  1732 | D:3      | Killed Natasha
  1733 | D:3      | Reached skill level 3 in Fighting
  1785 | D:3      | Reached XP level 5. HP: 23/40 MP: 0/0
  1785 | D:3      | Learned a level 2 spell: Passwall
  2078 | D:3      | Noticed Natasha
  2089 | D:3      | Killed Natasha
  2130 | D:3      | Found Zofooto's Magic Scroll Shoppe.
  2131 | D:3      | Noticed Natasha
  2144 | D:3      | Killed Natasha
  2145 | D:3      | Reached skill level 4 in Fighting
  2274 | D:3      | Bought 3 scrolls of identify for 60 gold pieces
  2297 | D:3      | Found a faded altar of an unknown god.
  2973 | D:4      | Found Cofedisch's Book Shoppe.
  3074 | D:4      | Reached XP level 6. HP: 45/48 MP: 0/0
  3525 | D:4      | Reached skill level 5 in Fighting
  3567 | D:4      | Noticed Pikel
  4215 | D:4      | Killed Pikel
  4216 | D:4      | Reached skill level 7 in Fighting
  4216 | D:4      | Reached XP level 7. HP: 37/58 MP: 0/0
  4216 | D:4      | Learned a level 2 spell: Lesser Beckoning
  4216 | D:4      | Reached XP level 8. HP: 41/64 MP: 0/0
  4734 | D:5      | Entered Level 5 of the Dungeon
  4812 | D:5      | Noticed Menkaure
  4823 | D:5      | Killed Menkaure
  5114 | D:5      | Slain by a centaur

Illustrated notes

Levels and vault maps discovered:
D:1:      tarquinn_simple_flora_water_a, layout_basic
D:2:      layout_basic, chequers_serial_rivers_room_a
D:3:      layout_basic, ebering_ecumenical_altar_abandoned, serial_shops,
          nicolae_shop_statue_plus, minmay_cupped, uniq_natasha
D:4:      layout_basic, serial_shops, shop, uniq_pikel
D:5:      layout_gridville, uniq_sigmund, uniq_menkaure, uniq_eustachio

Skill      XL: |  1  2  3  4  5  6 |
---------------+-------------------+-----
Fighting       | 1 2 3 4 7 |  7.8
Spellcasting   | 3 4 |  4.5
Conjurations   | 3 4 |  4.5
Hexes          | 3 4 |  4.5
Summonings     | 3 4 |  4.5
Necromancy     | 3 4 |  4.5
Translocations | 3 4 |  4.5
Transmutations | 3 4 |  4.5
Fire Magic     | 3 4 |  4.5
Ice Magic      | 3 4 |  4.5
Air Magic      | 3 4 |  4.5
Earth Magic    | 3 4 |  4.5
Poison Magic   | 3 4 |  4.5
Dodging        | |  2.1
Stealth        | |  1.5

Action                     |  1- 3 |  4- 6 |  7- 9 || total
---------------------------+-------+-------+-------++-------
  Melee: Dagger            |       |     2 |       ||     2
         Whip              |       |    23 |    24 ||    47
         Punch             |       |     1 |     1 ||     2
   Cast: Magic Dart        |    82 |   135 |    50 ||   267
         Call Imp          |       |    15 |     3 ||    18
         Mephitic Cloud    |       |    13 |    10 ||    23
         Sting             |       |    10 |       ||    10
         Slow              |       |     2 |       ||     2
    Use: Scroll            |       |     9 |     1 ||    10
         Potion            |       |     1 |     1 ||     2
   Stab: Confused          |       |       |     4 ||     4
         Distracted        |       |       |     1 ||     1
 Armour: Robe              |     1 |     5 |     4 ||    10
  Dodge: Dodged            |    12 |    45 |    28 ||    85

Table legend: (Time is in decaauts)
 A = Elapsed time spent in this place.
 B = Non-inter-level travel time spent in this place.
 C = Inter-level travel time spent in this place.
 D = Time resting spent in this place.
 E = Time spent auto-exploring this place.
 F = Levels seen in this place.
 G = Mean time per level.
                   A        B        C        D        E       F      G
               +--------+--------+--------+--------+--------+-----+--------+
         Total |   5119 |   5043 |     76 |    648 |   3580 |   5 | 1023.8 |
       Dungeon |   5119 |   5043 |     76 |    648 |   3580 |   5 | 1023.8 |
               +--------+--------+--------+--------+--------+-----+--------+

Top non-repeatable levels by time:
     D:3: 1646 daAuts
     D:4: 1370 daAuts
     D:2: 1114 daAuts
     D:1: 608 daAuts
     D:5: 380 daAuts
